Map: Lerilak Crest

Players

Zzexx

  • Race: Zerg Zerg
  • League: Master

MrRageQuit - Winner!

  • Race: Terran Terran
  • League: Platinum

VOD

Have the link to the VOD?

Description

Time

  • Played on: March 13, 2016, 8:42 a.m.
  • Length: 7:41
Show
View Real Time Build Order
Export as new Build Order

Zzexx Zerg 

Build Orders: Pool First 

Get SALT Encoding   

  12  0:02  Drone  
  13  0:13  Drone  
  14  0:17  Extractor  
  13  0:28  Spawning Pool  
  13  0:33  Drone  
  13  0:36  Drone  
  14  0:46  Overlord  
  14  1:15  Zergling x4  
  14  1:16  Zergling x2  
  17  1:21  Metabolic Boost  
  17  1:37  Hatchery  
  16  1:44  Drone x2  
  18  1:56  Drone  
  18  1:59  Overlord  
  19  2:06  Queen  
  20  2:17  Drone  
  21  2:25  Drone  
  21  2:42  Drone x2  
  22  2:50  Zergling x2  
  22  2:51  Queen  
  23  2:54  Zergling x2  
  26  3:02  Zergling x2  
  27  3:13  Drone x2  
  27  3:17  Drone x3  
  32  3:21  Hatchery  
  31  3:30  Overlord, Drone  
  32  3:35  Drone  
  33  3:45  Drone x2  
  35  3:49  Drone  
  35  3:50  Drone x2  
  35  3:53  Drone  
  35  3:55  Drone  
  40  4:04  Drone x4  
  44  4:19  Extractor  
  44  4:23  Roach Warren  
  42  4:27  Drone x2  
  42  4:30  Extractor  
  42  4:34  Evolution Chamber  
  42  4:35  Baneling Nest  
  42  4:36  Evolution Chamber  
  42  4:37  Drone  
  40  4:45  Queen  
  42  4:53  Drone  
  42  4:55  Drone x5  
  48  5:01  Zergling x2  
  48  5:04  Lair  
  48  5:05  Overlord x3  
  49  5:11  Zerg Melee Weapons Level 1  
  49  5:19  Spore Crawler  
  48  5:22  Drone  
  48  5:23  Overlord  
  49  5:30  Zerg Ground Armor Level 1  
  49  5:31  Zergling x18  
  49  5:35  Baneling x3  
  58  5:39  Zergling x12  
  64  5:46  Spore Crawler  
  56  6:05  Centrifical Hooks  
  56  6:06  Extractor  
  56  6:07  Drone x3  
  56  6:09  Drone x9  
  67  6:19  Drone x2  
  67  6:20  Spire  
  68  6:29  Drone x3  
  68  6:31  Overseer  
  71  6:34  Drone x2  
  73  6:42  Overseer  
  73  6:44  Drone  
  73  6:45  Drone  
  75  6:48  Overlord  
  75  6:50  Zergling x2  
  75  6:51  Zergling x6  
  79  6:55  Pneumatized Carapace  
  79  6:56  Overlord  
  58  7:12  Overseer  
  51  7:18  Drone x7  
  51  7:19  Zergling x2  
  51  7:20  Zergling x4  
Show
View Real Time Build Order
Export as new Build Order

MrRageQuit Terran - Winner!

Build Orders: Reaper Expand, MMM Bio 

Get SALT Encoding   

  12  0:01  SCV  
  13  0:13  SCV  
  14  0:17  Supply Depot  
  14  0:25  SCV  
  15  0:39  SCV  
  15  0:40  Barracks  
  16  0:45  Refinery  
  16  0:51  SCV  
  17  1:03  SCV  
  18  1:15  SCV  
  19  1:28  Reaper  
  19  1:30  Orbital Command  
  20  1:33  Refinery  
  20  1:48  Command Center  
  20  1:59  Barracks  
  20  2:03  SCV  
  21  2:17  Barracks Tech Lab  
  21  2:26  Supply Depot  
  21  2:34  SCV  
  22  2:44  Marine, Stimpack  
  22  2:47  Factory, SCV  
  24  3:00  Marine  
  24  3:01  Orbital Command  
  24  3:05  Marine  
  26  3:17  Marine  
  27  3:23  Marine  
  27  3:30  SCV  
  28  3:34  Starport  
  28  3:35  Marine  
  28  3:37  Factory Reactor  
  28  3:40  Marine  
  30  3:42  SCV  
  31  3:53  Marine, Supply Depot  
  31  3:54  SCV  
  33  4:03  Marine  
  33  4:07  SCV  
  35  4:11  Marine  
  36  4:17  Supply Depot  
  36  4:23  Orbital Command  
  36  4:32  SCV  
  36  4:33  Barracks  
  36  4:35  Widow Mine, Medivac x2  
  43  4:40  Marine  
  43  4:45  Combat Shields  
  44  4:48  SCV  
  44  4:50  SCV  
  46  4:56  Marine  
  47  5:00  SCV  
  47  5:01  Bunker  
  47  5:04  Supply Depot  
  48  5:08  Marine  
  48  5:13  Marine  
  50  5:23  Marine  
  50  5:24  Widow Mine, Bunker  
  50  5:26  Marine  
  54  5:31  Marine  
  54  5:34  Medivac x2  
  54  5:35  SCV  
  60  5:41  Marine  
  61  5:44  Marine  
  61  5:49  Marine  
  58  5:59  Marine  
  58  6:02  Marine  
  59  6:06  SCV x2  
  59  6:09  Marine  
  62  6:17  Marine  
  62  6:18  SCV x2  
  65  6:20  Marine  
  65  6:23  Barracks  
  65  6:24  Barracks  
  64  6:27  Engineering Bay  
  64  6:30  Engineering Bay, SCV x2  
  66  6:36  Marine x2  
  66  6:38  Marine  
  69  6:42  SCV  
  69  6:45  Supply Depot  
  69  6:46  Supply Depot  
  70  7:00  Marine  
  70  7:06  Widow Mine, Marauder  
Tags
 
Add a new tag
Caveats
  • Supply blocks, unpowered buildings, or Contaminate may cause inaccurate times.
  • Supply counts are checked every 10 seconds.